 Dungeon Crawl Stone Soup version 0.16.1-2-g95b8d4c (webtiles) character file.

23619 Ladykiller69 the Basher (level 13, -13/103 HPs)
             Began as a Formicid Gladiator on Mar 24, 2015.
             Was an Elder of Cheibriados.
             Killed from afar by an ice statue (27 damage)
             ... with a shard of ice
             ... in an ice cave.
             The game lasted 01:10:20 (12130 turns).

Ladykiller69 the Basher (Formicid Gladiator)       Turns: 12130, Time: 01:10:34

Health: -13/103    AC: 25    Str: 33    XL:     13   Next: 36%
Magic:  19/28      EV: 15    Int: 20    God:    Cheibriados [****..]
Gold:   878        SH:  0    Dex: 21    Spells: 0 memorised, 12 levels left

rFire  . . .     SeeInvis +     s - +2 whip (elec)
rCold  . . .     Clarity  .     K - +0 plate armour
rNeg   . . .     SustAb   .     (no shield)
rPois  +         Gourm    .     (helmet unavailable)
rElec  .         Spirit   .     q - +1 cloak
rCorr  .         Warding  .     N - +0 pair of gloves
rMut   .         Stasis   +     h - +0 pair of boots
MR     +....                    (no amulet)
Stlth  ..........               X - +6 ring of protection
                                z - ring of poison resistance

@: confused, very slow, somewhat resistant to hostile enchantments, extremely
unstealthy
A: permanent stasis, dig shafts and tunnels, four strong arms, antennae 3
a: Dig, Shaft Self, Bend Time, Temporal Distortion, Slouch, Renounce Religion


You were in an ice cave.
You worshipped Cheibriados.
Cheibriados was greatly pleased with you.
You were not hungry.

You visited 3 branches of the dungeon, and saw 16 of its levels.
You also visited: Sewer and Ice Cave.

You collected 878 gold pieces.

Inventory:

Hand weapons
 s - a +2 whip of electrocution (weapon)
 J - a +1 dire flail
Missiles
 d - 3 throwing nets
 y - 3 tomahawks of returning
 R - 18 tomahawks (quivered)
 Z - 2 poisoned tomahawks
Armour
 h - a +0 pair of boots (worn)
 q - a +1 cloak (worn)
 K - a +0 plate armour (worn)
 N - a +0 pair of gloves (worn)
Magical staves
 a - an uncursed staff of wizardry
Jewellery
 b - an uncursed amulet of faith
 z - a ring of poison resistance (left hand)
 A - an uncursed ring of sustain abilities
 D - an uncursed ring of protection from fire
 U - an uncursed ring of invisibility
 X - a +6 ring of protection (right hand)
Magical devices
 C - a wand of slowing (11)
 G - a wand of invisibility (4)
 Y - a wand of digging (13)
Scrolls
 c - 12 scrolls of remove curse
 g - a scroll of identify
 i - 3 scrolls of enchant armour
 v - a scroll of vulnerability {unknown}
 x - a scroll of fear
 B - a scroll of amnesia
 I - a scroll of magic mapping
 M - 2 scrolls of noise
 S - 2 scrolls of immolation {unknown}
 T - a scroll of silence {unknown}
Potions
 e - a potion of heal wounds
 j - a potion of invisibility
 k - 7 potions of curing
 l - 3 potions of ambrosia
 o - 2 potions of magic
 p - 3 potions of restore abilities
 r - 4 potions of brilliance
 u - 2 potions of might
 Q - a potion of lignification {unknown}
Books
 n - a book of Death

   Spells                             Type                      Level
   a - Corpse Rot                     Necromancy                   2
   b - Sublimation of Blood           Necromancy                   2
   c - Agony                          Necromancy                   5
   d - Dispel Undead                  Necromancy                   5
   e - Excruciating Wounds            Charms/Necromancy            5
   f - Bolt of Draining               Conjuration/Necromancy       5
 t - a book of Alchemy

   Spells                             Type                      Level
   a - Sublimation of Blood           Necromancy                   2
   b - Alistair's Intoxication        Transmutation/Poison         4
   c - Condensation Shield            Ice                          4
   d - Petrify                        Transmutation/Earth          4
   e - Ignite Poison                  Fire/Transmutation           5
   f - Irradiate                      Conjuration/Transmutation    5
 P - a book of Geomancy

   Spells                             Type                      Level
   a - Sandblast                      Earth                        1
   b - Stoneskin                      Transmutation/Earth          2
   c - Passwall                       Transmutation/Earth          3
   d - Stone Arrow                    Conjuration/Earth            3
   e - Petrify                        Transmutation/Earth          4
   f - Lee's Rapid Deconstruction     Earth                        5
Comestibles
 f - 15 bread rations
 m - a meat ration
 E - 8 fruits
 F - 6 royal jellies


   Skills:
 + Level 10.1 Fighting
 * Level 13.0 Maces & Flails
 - Level 3.0 Throwing
 + Level 9.2 Armour
 + Level 8.8 Dodging
 + Level 9.5 Invocations


You had 12 spell levels left.
You didn't know any spells.

Dungeon Overview and Level Annotations

Branches:
Dungeon (14/15)            Temple (1/1) D:4            Lair (0/8) D:9
    Orc (1/4) D:11
 Vaults: D:13-14

Altars:
Ashenzari
Cheibriados
Dithmenos
Fedhas
Gozag
Makhleb
Nemelex Xobeh
Ru
Trog
Vehumet
Xom
Yredelemnul
Zin
The Shining One
Beogh

Shops:
D:7 (

Annotations:
D:3 1 exclusion IceCv exclusion: 2 ice statues


Innate Abilities, Weirdness & Mutations

You are under a permanent stasis effect.
You can dig through walls and to a lower floor.
Your four strong arms can wield two-handed weapons with a shield.
You have a pair of large antennae on your head (SInv).


Message History

The ice beast barely misses you.
Unknown command.
Use which ability? (? or * to list)
You step out of the flow of time.
You return to the normal time flow.
You feel somewhat more hungry.
You can no longer step out of the time flow.
Cheibriados reduces the support of your attributes as your movement quickens.
You hit the ice statue.
The ice statue is heavily damaged.
You hit the ice statue.
The ice statue is heavily damaged.
Drink which item? (? for menu, Esc to quit)
You are confused.
You feel invigorated. The ice statue throws cold at you.
The bolt of cold hits you!
* * * LOW HITPOINT WARNING * * *
The ice statue throws ice at you. The shard of ice hits you!
You die...

#####
####...##
##........#
##..........#
##...........#
#.......8..8.#
#.........$..#
#.∩......).).#
#......@..=..#
#.......8Y.8.#
##...........#
##..........#
##........##
####...###
#####


You could see 2 ice statues and an ice beast.

Vanquished Creatures
  A rakshasa (D:12)
  2 unseen horrors
  5 hill giants
  4 cyclopes
  An ugly thing (D:12)
  Maurice (D:9)
  A centaur zombie (D:12)
  A gargoyle (D:9)
  A kobold demonologist (D:10)
  A fire drake (D:9)
  Sonja (D:14)
  6 slime creatures (D:13)
  A two-headed ogre (D:7)
  A deep elf mage (D:9)
  2 hippogriffs
  3 wyverns
  Eustachio (D:6)
  A steam dragon (D:13)
  3 hungry ghosts
  18 yaks
  A trapdoor spider (D:9)
  2 mottled dragons
  2 vampire mosquitoes (D:14)
  Menkaure (D:4)
  A water moccasin (D:10)
  The ghost of Anothat the Ruffian, an average VSMo (D:3)
  2 soldier ants
  2 wasps
  A phantom (D:8)
  2 eyes of draining
  12 ice beasts
  16 orc warriors
  9 centaurs
  A crocodile (D:12)
  8 ogres
  6 sky beasts
  10 big kobolds
  4 giant frogs
  A brain worm (shapeshifter) (D:13)
  5 scorpions
  A wyvern skeleton (D:13)
  5 wights (D:10)
  19 killer bees
  4 goliath beetles
  A giant frog zombie (D:11)
  A quasit (D:12)
  7 hounds
  16 orc priests
  A giant frog skeleton (D:10)
  24 orc wizards
  A crimson imp (D:6)
  4 jellies
  A wasp zombie (D:12)
  2 centaur skeletons (D:9)
  3 iguanas
  6 worker ants
  A killer bee zombie (D:9)
  A hound zombie (D:5)
  Terence (D:3)
  3 worker ant zombies
  23 adders
  7 gnolls
  3 shadow imps
  A river rat (Sewer)
  6 giant mites
  12 white imps (D:14)
  6 worms
  3 adder zombies
  An adder skeleton (D:5)
  2 giant geckos
  5 oozes
  61 orcs
  A ball python (D:2)
  8 bats
  A bat skeleton (D:4)
  11 goblins
  5 hobgoblins
  42 kobolds
  3 quokkas
  4 giant cockroaches
  A giant gecko skeleton (D:8)
  10 giant newts
  A giant spore (D:7)
  10 jackals
  A jackal skeleton (D:8)
  2 jackal zombies
  2 quokka skeletons
  A quokka zombie (D:5)
  11 rats
  15 ballistomycetes
503 creatures vanquished.

Vanquished Creatures (others)
  A giant spore (D:12)
  A ballistomycete (D:12)
2 creatures vanquished.

Grand Total: 505 creatures vanquished

Notes
Turn   | Place    | Note
--------------------------------------------------------------
     0 | D:1      | Ladykiller69, the Formicid Gladiator, began the quest for the Orb.
     0 | D:1      | Reached XP level 1. HP: 16/16 MP: 1/1
   211 | D:1      | Reached XP level 2. HP: 17/22 MP: 3/3
   526 | D:1      | HP: 1/23 [ooze (3)]
   955 | D:1      | Reached XP level 3. HP: 21/28 MP: 4/4
  1301 | D:2      | HP: 1/28 [poisoned by an adder]
  1667 | D:2      | Reached XP level 4. HP: 31/34 MP: 5/5
  1707 | D:2      | Reached skill level 1 in Armour
  1841 | D:2      | Found a bloodstained altar of Trog.
  1954 | D:3      | Noticed Terence
  1969 | D:3      | Killed Terence
  2159 | D:3      | Found a glowing drain.
  2169 | D:3      | Reached XP level 5. HP: 38/40 MP: 7/7
  2187 | Sewer    | Entered a sewer
  2220 | Sewer    | Reached skill level 4 in Maces & Flails
  2341 | Sewer    | Reached XP level 6. HP: 47/47 MP: 8/8
  2617 | Sewer    | Reached XP level 7. HP: 35/52 MP: 9/9
  2661 | Sewer    | Reached skill level 5 in Maces & Flails
  3028 | D:3      | Noticed Anothat's ghost (average VSMo)
  3038 | D:3      | Killed Anothat's ghost
  3331 | D:4      | Noticed Menkaure
  3337 | D:4      | Killed Menkaure
  3337 | D:4      | Reached XP level 8. HP: 60/60 MP: 11/11
  3403 | D:5      | Entered Level 5 of the Dungeon
  3487 | D:4      | Reached skill level 6 in Maces & Flails
  3536 | D:4      | Found a shattered altar of Ashenzari.
  3723 | D:4      | Upgraded the game from 0.16.1 to 0.16.1-2-g95b8d4c
  3923 | D:4      | Found a staircase to the Ecumenical Temple.
  3930 | D:4      | Reached skill level 5 in Fighting
  3952 | Temple   | Entered the Ecumenical Temple
  3983 | Temple   | Became a worshipper of Cheibriados the Contemplative
  4279 | D:5      | Found an opulent altar of Gozag.
  4316 | D:5      | Reached skill level 1 in Invocations
  4316 | D:5      | Reached XP level 9. HP: 20/68 MP: 11/13
  4466 | D:5      | Reached skill level 7 in Maces & Flails
  4658 | D:5      | Acquired Cheibriados' first power
  4714 | D:5      | Reached skill level 5 in Dodging
  4860 | D:5      | Found a glowing golden altar of the Shining One.
  4970 | D:6      | Reached skill level 5 in Armour
  5184 | D:6      | Found a sparkling altar of Nemelex Xobeh.
  5481 | D:6      | Noticed Eustachio
  5496 | D:6      | Killed Eustachio
  5817 | D:6      | Reached skill level 8 in Maces & Flails
  5982 | D:7      | Reached XP level 10. HP: 42/77 MP: 19/19
  6021 | D:7      | Found a glowing silver altar of Zin.
  6103 | D:7      | Found Zeala's Antique Weapon Shop.
  6162 | D:7      | Found a burning altar of Makhleb.
  6278 | D:7      | Acquired Cheibriados' second power
  6868 | D:8      | Found a shadowy altar of Dithmenos.
  7004 | D:8      | Acquired Cheibriados' third power
  7142 | D:8      | Reached skill level 9 in Maces & Flails
  7262 | D:9      | Reached skill level 5 in Invocations
  7301 | D:9      | Found a runed door.
  7602 | D:9      | Found a sacrificial altar of Ru.
  7671 | D:9      | Noticed Maurice
  7686 | D:9      | Killed Maurice
  7686 | D:9      | Acquired Cheibriados' fourth power
  7843 | D:9      | Found a shimmering altar of Xom.
  7843 | D:9      | Found a shimmering altar of Xom.
  7845 | D:9      | Found a shimmering altar of Xom.
  7854 | D:9      | Noticed a gargoyle
  7866 | D:9      | Killed a gargoyle
  7866 | D:9      | Reached XP level 11. HP: 70/84 MP: 22/22
  8049 | D:9      | Reached skill level 10 in Maces & Flails
  8118 | D:9      | Found a staircase to the Lair.
  8336 | D:10     | Entered Level 10 of the Dungeon
  8683 | D:10     | Noticed a hill giant
  8685 | D:10     | Noticed a hill giant
  8693 | D:10     | Killed a hill giant
  8700 | D:10     | Killed a hill giant
  9041 | D:10     | Reached skill level 11 in Maces & Flails
  9177 | D:11     | Found a staircase to the Orcish Mines.
  9541 | D:11     | Reached XP level 12. HP: 84/94 MP: 25/25
  9587 | D:11     | Found a roughly hewn altar of Beogh.
  9622 | Orc:1    | Entered Level 1 of the Orcish Mines
 10356 | D:12     | Noticed a rakshasa
 10366 | D:12     | Killed a rakshasa
 10545 | D:12     | Found a roughly hewn altar of Beogh.
 10639 | D:12     | Reached skill level 12 in Maces & Flails
 11287 | D:13     | Reached XP level 13. HP: 96/101 MP: 27/27
 11505 | D:13     | Found a shadowy altar of Dithmenos.
 11701 | D:14     | Noticed Sonja
 11711 | D:14     | Killed Sonja
 11785 | D:14     | Found a frozen archway.
 11811 | IceCv    | Entered an ice cave
 11821 | IceCv    | Reached skill level 10 in Fighting
 11859 | IceCv    | Reached skill level 13 in Maces & Flails
 12130 | IceCv    | Killed from afar by an ice statue

Action                   |  1- 3 |  4- 6 |  7- 9 | 10-12 | 13-15 || total
-------------------------+-------+-------+-------+-------+-------++-------
Melee: Flail             |   102 |    18 |       |       |       ||   120
       Whip              |       |   142 |   394 |  1136 |   236 ||  1908
Throw: Throwing net      |     2 |       |     5 |       |       ||     7
       Tomahawk          |       |       |       |     1 |       ||     1
Invok: Bend Time         |       |       |     1 |     3 |     1 ||     5
       Slouch            |       |       |       |     3 |     1 ||     4
       Temporal Distorti |       |       |       |     2 |       ||     2
       Step From Time    |       |       |       |       |     1 ||     1
 Abil: Dig               |       |     1 |     1 |    26 |     6 ||    34
Evoke: Wand              |       |       |     1 |       |       ||     1
  Use: Scroll            |       |     4 |     1 |     9 |     7 ||    21
       Potion            |       |       |       |     4 |     2 ||     6
 Stab: Invisible         |       |       |     1 |     3 |       ||     4
  Eat: Chunk             |     2 |     4 |     8 |    18 |     1 ||    33
       Fruit             |       |       |     2 |       |       ||     2
       Beef jerky        |       |       |       |       |     2 ||     2
